 Dungeon Crawl Stone Soup version 0.29-a0-1033-gb6c65ffae6 (webtiles) character file.

Game seed: 6377719987639776731

200 spaghetti the Ruffian (level 5, 0/41 HPs)
             Began as a Demonspawn Berserker on Aug 15, 2022.
             Was a Follower of Trog.
             Slain by an orc wizard
             ... wielding a +0 dagger
              (1 damage)
             ... on level 4 of the Dungeon.
             The game lasted 00:04:46 (3231 turns).

spaghetti the Ruffian (Demonspawn Berserker)        Turns: 3231, Time: 00:04:46

Health: 0/41       AC:  6    Str: 19    XL:     5   Next: 48%
Magic:  5/5        EV: 12    Int:  9    God:    Trog [*.....]
Gold:   127        SH:  0    Dex: 12    Spells: 4/4 levels left

rFire   . . .      SeeInvis .     - Unarmed
rCold   . . .      Faith    .   (no shield)
rNeg    . . .      Spirit   .   j - +3 leather armour of Insecurity {Stlth+}
rPois   .          Reflect  .   (no helmet)
rElec   .          Harm     .   (no cloak)
rCorr   .          Rampage  .   (no gloves)
Will    .....                   (no boots)
Stlth   ++........              n - amulet of magic regeneration {@e2}
HPRegen 0.13/turn               (no ring)
MPRegen 0.49/turn               (no ring)

@: confused, on berserk cooldown, slowed, very slow
A: demonic magic 2
a: Renounce Religion, Berserk


You were on level 4 of the Dungeon.
You worshipped Trog.
Trog was aware of your devotion.
You visited 1 branch of the dungeon, and saw 4 of its levels.

You collected 127 gold pieces.


Innate Abilities, Weirdness & Mutations

Spells you cast may paralyse nearby enemies.


   Skills:
 - Level 3.0 Fighting
 - Level 1.7 Armour
 + Level 2.6 Dodging
 + Level 1.8 Stealth
 + Level 4.2 Unarmed Combat
 + Level 2.5 Evocations


You had 4 spell levels left.
You didn't know any spells.
Your spell library contained the following spells:

 Spells                   Type           Power      Damage    Failure   Level
 Apportation              Tloc           0%         N/A       43%         1
 Necrotise                Necr           0%         1d4       43%         1
 Slow                     Hex            0%         N/A       43%         1
 Summon Small Mammal      Summ           0%         N/A       43%         1
 Confusing Touch          Hex            0%         N/A       82%         3
 Vampiric Draining        Necr           0%         2d6       82%         3

Inventory:

Hand Weapons
 b - a +0 club {mace}
   (You found it on level 1 of the Dungeon)
Missiles
 e - 43 stones (quivered) {throwing}
 l - 5 atropa-tipped darts {throwing}
 o - 7 poisoned darts {throwing}
 p - 3 boomerangs {throwing}
Armour
 a - a +0 animal skin
 j - the +3 leather armour of Insecurity (worn) {Stlth+}
   (You found it on level 2 of the Dungeon)

   Stlth:     It makes you more stealthy.
Jewellery
 n - an amulet of magic regeneration (around neck) {@e2}
   (You found it on level 2 of the Dungeon)
Scrolls
 c - a scroll of blinking {unknown}
 d - 3 scrolls of identify {@r1}
 m - a scroll of acquirement {unknown}
Potions
 i - 4 potions of flight

Dungeon Overview and Level Annotations

Branches:
Dungeon (4/15) Zot: 20733  Temple (0/1) D:4

Altars:

Annotations:
D:4 Pikel

#...................#
#...................#
#...................#
#...................# ##
#...).............<.##
...###.......##..........#
........).................
....#..)................#.
........{@..............#.
...##...................##
.. #........)..........# .
##.......#........>##
..#.....####.......#
##.#####.# ....#. #. .# #.
.#


There were no monsters in sight!


Message History

You punch the quokka!
You feel the power of Trog in you as your rage grows.
You kill the quokka!
Trog accepts your kill.
You punch the orc!
You kill the orc!
Trog accepts your kill. The orc barely misses you.
You closely miss the orc. The orc hits you but does no damage.
The orc priest hits you but does no damage.
You hit the orc. You hit the orc.
You kill the orc!
Trog accepts your kill.
The orc priest hits you from afar with a +0 trident. 😮 HP[-5]
You take 5 damage, and now have 33/61 hp.
Something hits you. The orc priest misses you.
You hit the orc priest. You punch the orc priest!
You hear some strange, mumbled words.
You are confused.
The orc priest closely misses you.
The orc priest looks satisfied for a moment.
Something hits you but does no damage.
You feel a strong urge to attack something.
You punch the orc priest! The orc priest barely misses you. Something hits you.
* * * LOW HITPOINT WARNING * * *
😨 HP[-3]
You take 3 damage, and now have 30/61 hp.
Unknown command.
The orc priest hits you from afar with a +0 trident!
* * * LOW HITPOINT WARNING * * *
You hear some strange, mumbled words.
You are more confused. 😨 HP[-8]
You take 8 damage, and now have 22/61 hp.
Unknown command.
You feel a strong urge to attack something.
You are no longer berserk.
You are exhausted.
You feel yourself slow down. 😨 HP[-7]
You now have 41 max hp (-20).
Unknown command.
Unknown command.
You hit the orc priest.
You kill the orc priest!
Trog accepts your kill. Something hits you but does no damage.
Something hits you.
* * * LOW HITPOINT WARNING * * *
😨 HP[-1]
You take 1 damage, and now have 14/41 hp.
You start resting.
Something hits you.
* * * LOW HITPOINT WARNING * * *
😨 HP[-2]
You take 2 damage, and now have 12/41 hp.
You hear some strange, mumbled words.
You are more confused.
Unknown command.
Okay, then.
Okay, then.
You closely miss something.
Something hits you but does no damage. 😨 HP[+1]
You miss something. Something hits you but does no damage. Something hits you.
* * * LOW HITPOINT WARNING * * *
Something completely misses you. 😨 HP[-2]
You take 2 damage, and now have 11/41 hp.
Unknown command.
Something hits you but does no damage. x2
Unknown command.
Something hits you but does no damage.
Items here: $ ) ? [. 😨 HP[+1]
A magic dart appears from out of thin air!
The magic dart hits you!
* * * LOW HITPOINT WARNING * * *
You hear some strange, mumbled words.
A puff of flame appears from out of thin air!
The puff of flame hits you.
* * * LOW HITPOINT WARNING * * *
😱 HP[-11]
You take 11 damage, and now have 1/41 hp.
MASSIVE DAMAGE!! (PAUSE) Unknown command.
Unknown command.
Okay, then.
You are too confused!
Unknown command.
Unknown command.
Unknown command.
You hear some strange, mumbled words.
You are more confused.
Unknown command.
Unknown command.
Unknown command.
Something hits you.
You die...

Skill      XL: |  1  2  3  4 |
---------------+-------------+-----
Unarmed Combat | 3 4 |  4.2
Evocations     | 1 2 |  2.5
Dodging        | 2 |  2.6
Stealth        | 1 |  1.8
Fighting       | |  3.0
Armour         | |  1.7

Action                   |  1- 3 |  4- 6 || total
-------------------------+-------+-------++-------
Melee: Unarmed           |   127 |    84 ||   211
       Punch             |     3 |     1 ||     4
Invok: Berserk           |     5 |     3 ||     8
       Trog's Hand       |       |     2 ||     2
  Use: Potion            |       |     7 ||     7
       Scroll            |       |     4 ||     4
 Stab: Sleeping          |     4 |     2 ||     6
Armor: Animal skin       |    10 |       ||    10
       Leather armour    |    16 |    46 ||    62
Dodge: Dodged            |    65 |    65 ||   130

Levels and vault maps discovered:
D:1:      shiori_arrival_whats_in_store_for_you, layout_rooms,
          kennysheep_pointless_box, corexii_leaking_fountain,
          ebering_dispersal_statue_hall, minmay_tromino_i4
D:2:      layout_basic, kennysheep_small_spiral
D:3:      layout_rooms
D:4:      layout_rooms, minmay_temple_entry_tees, serial_shops,
          nicolae_stop_n_shop_1, kennysheep_diamond, uniq_pikel

Notes
Turn   | Place    | Note
-------+----------+-------------------------------------------
     0 | D:1      | spaghetti the Demonspawn Berserker began the quest for the
                  | Orb.
     0 | D:1      | Reached XP level 1. HP: 18/18 MP: 1/1
     0 | D:1      | Noticed an elf
     0 | D:1      | magus.rc [v1.9.6]
     5 | D:1      | Noticed a felid
     6 | D:1      | Noticed a felid
     7 | D:1      | Noticed a draconian
     8 | D:1      | Noticed a merfolk
     9 | D:1      | Noticed a tengu
    11 | D:1      | Noticed a demonspawn
    15 | D:1      | Noticed an octopode
    15 | D:1      | Noticed an ogre
    17 | D:1      | Noticed a troll
    19 | D:1      | Noticed a vine stalker
    58 | D:1      | Reached skill level 3 in Unarmed Combat
   301 | D:1      | Gained mutation: Spells you cast may paralyse adjacent
                  | enemies. [demonic ancestry]
   301 | D:1      | Reached XP level 2. HP: 24/24 MP: 2/2
   318 | D:1      | HP: 6/24 [rat (1)]
   539 | D:1      | You pick up a book of Debilitation {forbidden} and begin
                  | reading...
   539 | D:1      | You add the spells Slow, Vampiric Draining and Confusing
                  | Touch to your library.
   740 | D:1      | You pick up a book of Cantrips {forbidden} and begin
                  | reading...
   740 | D:1      | You add the spells Necrotise, Summon Small Mammal and
                  | Apportation to your library.
  1079 | D:2      | Reached skill level 1 in Evocations
  1080 | D:2      | Gained mutation: Spells you cast may paralyse nearby
                  | enemies. [demonic ancestry]
  1080 | D:2      | Reached XP level 3. HP: 25/29 MP: 3/3
  1612 | D:2      | Identified the +3 leather armour of Insecurity {Stlth+}
  2096 | D:2      | Reached skill level 2 in Dodging
  2353 | D:3      | Reached ** piety under Trog
  2354 | D:3      | Reached XP level 4. HP: 35/35 MP: 4/4
  2416 | D:3      | Reached skill level 1 in Stealth
  2425 | D:3      | Reached skill level 2 in Evocations
  2430 | D:3      | Reached skill level 4 in Unarmed Combat
  2690 | D:3      | Reached XP level 5. HP: 39/41 MP: 5/5
  2843 | D:4      | Found a staircase to the Ecumenical Temple.
  2843 | D:4      | Noticed Pikel
  2844 | D:4      | Noticed a lemure
  2844 | D:4      | Noticed a lemure
  2845 | D:4      | Noticed a lemure
  2845 | D:4      | Noticed a lemure
  2846 | D:4      | Noticed a phantom
  2869 | D:4      | HP: 10/41 [lemure[Pikel] (8)]
  2869 | D:4      | HP: 3/41 [lemure[Pikel] (7)]
  3229 | D:4      | HP: 3/41 [something/magic dart (9)]
  3229 | D:4      | HP: 1/41 [something/puff of flame (2)]
  3231 | D:4      | Slain by an orc wizard

Vanquished Creatures
  An orc priest (D:4)
  3 gnolls (D:3)
  6 adders
  A white imp (D:4)
  2 worms (D:2)
  4 dart slugs
  5 orcs
  2 endoplasms
  A giant cockroach (D:2)
  6 goblins
  8 hobgoblins
  3 jackals (D:2)
  5 kobolds
  2 quokkas
  5 ball pythons
  A bat (D:2)
  3 frilled lizards
  7 rats
65 creatures vanquished.

Table legend:
 A = Non-vault XP
 B = Vault XP
 C = Vault XP percentage of total XP
 D = Non-vault monster count
 E = Vault monster count
 F = Vault count percentage of total count
                 A         B        C        D         E       F
            +---------+---------+-------+---------+---------+-------
      Total |     283 |       3 |   1.0 |      63 |       2 |   3.1
            +---------+---------+-------+---------+---------+-------
        D:1 |      31 |       3 |   8.8 |      18 |       2 |  10.0
        D:2 |      54 |       0 |   0.0 |      21 |       0 |   0.0
        D:3 |     121 |       0 |   0.0 |      17 |       0 |   0.0
        D:4 |      77 |       0 |   0.0 |       7 |       0 |   0.0
            +---------+---------+-------+---------+---------+-------

Illustrated notes

Table legend:
 A = Kills in this place as a percentage of kills in entire the game.
 B = Kills by you in this place as a percentage of kills by you in the entire game.
 C = Kills by friends in this place as a percentage of kills by friends in the entire game.
 D = Other kills in this place as a percentage of other kills in the entire game.
 E = Experience gained in this place as a percentage of experience gained in the entire game.
 F = Experience gained in this place divided by the number of levels of this place that you have seen.
                   A       B       C       D       E      F
               +-------+-------+-------+-------+-------+----------------------
         Total | 100.0 | 100.0 |   N/A |   N/A | 100.0 |  71.5
       Dungeon | 100.0 | 100.0 |   N/A |   N/A | 100.0 |  71.5
               +-------+-------+-------+-------+-------+----------------------

Table legend: (Time is in decaauts)
 A = Elapsed time spent in this place.
 B = Non-inter-level travel time spent in this place.
 C = Inter-level travel time spent in this place.
 D = Time resting spent in this place.
 E = Time spent auto-exploring this place.
 F = Levels seen in this place.
 G = Mean time per level.
                   A        B        C        D        E       F      G
               +--------+--------+--------+--------+--------+-----+--------+
         Total |   3265 |   3201 |     64 |     20 |   2683 |   4 |  816.2 |
       Dungeon |   3265 |   3201 |     64 |     20 |   2683 |   4 |  816.2 |
               +--------+--------+--------+--------+--------+-----+--------+

Top non-repeatable levels by time:
     D:2: 1235 daAuts
     D:1: 1077 daAuts
     D:3: 543 daAuts
     D:4: 408 daAuts
